[Event "1st Caplin Menchik Memorial 2022"]
[Site "London"]
[Date "2022.06.18"]
[Round "1.1"]
[White "Varney, Zoe"]
[Black "Yao, Lan"]
[Result "0-1"]
[ECO "B12"]
[WhiteElo "2046"]
[BlackElo "2276"]
[Annotator "TA"]
[PlyCount "76"]
[EventDate "2022.06.21"]
[EventType "tourn"]
[EventCountry "ENG"]
[SourceTitle "playchess.com"]
[Source "ChessBase"]
[SourceQuality "1"]
[TimeControl "5400+30"]

1. e4 c6 2. d4 d5 3. e5 Bf5 4. Nd2 e6 5. Nb3 Nd7 6. Nf3 Ne7 {[%emt 0:03:11] B12: Caro-Kann: Advance Variation.} 7. c3 Nc8 8. Be3 Be7 {[%emt 0:02:08] [#] The position is equal.} 9. Be2 $146 ({Predecessor:} 9. Bd3 Bxd3 10. Qxd3 Ncb6 11. Na5 Qc7 12. b4 O-O 13. O-O Na4 14. Qc2 b5 15. Bg5 {0-1 (60) Farago,S (2251)-Videki,S (2428) Hungary 2009}) 9... b5 10. a4 b4 11. a5 bxc3 12. bxc3 Qc7 13. O-O O-O 14. Ne1 c5 15. g4 Bg6 16. f4 {[%emt 0:00:51] f5 is the strong threat.} f5 $2 (16... c4 $14) 17. dxc5 $2 (17. c4 $18) 17... Bxc5 $14 18. Bxc5 (18. Bd4 $14) 18... Nxc5 $11 19. Nd4 Ne7 20. c4 Rad8 21. Nb5 {[%emt 0:11:01] [#]} (21. cxd5 $11 Nxd5 22. Qc1) 21... Qd7 (21... Qb8 $1 $17 {aiming for ...fxg4.} 22. Nd6 fxg4 23. Bxg4 Kh8) 22. g5 $15 a6 23. Nd6 Ne4 24. Nxe4 $4 {[%emt 0:01:19][%mdl 8192] Black converts the advantage convincingly.} (24. Qd4 $15) 24... fxe4 $19 ({Stronger than} 24... dxe4 25. Qxd7 Rxd7 26. c5 $11) 25. Qd4 Nf5 26. Qb6 d4 27. Bg4 Ra8 $2 (27... Rb8 28. Qxa6 d3) 28. Rb1 Rfc8 $36 {[%emt 0:00:35][%mdl 2048] Black has strong initiative.} 29. c5 $2 (29. Ng2) 29... Rc6 ({Weaker is} 29... d3 30. Ng2 $17) 30. Qb4 Ne3 {[%emt 0:01:26][%csl LRf1,LRg4] Black is clearly winning.} 31. Bd1 Nxf1 32. Ba4 {[%emt 0:00:12] [#]} Ne3 $1 {[%emt 0:02:04][%cal Od4d3] White must now prevent ...d3!} 33. Bxc6 Qxc6 34. Qxd4 Nd5 35. Ng2 Rc8 36. Rc1 Rb8 {[%emt 0:00:23][%cal Oe4e3] Strongly threatening ...e3!} 37. Ne3 Nxf4 38. Kf2 {[%emt 0:00:58] Inhibits Ne2.} Nd3+ {[%emt 0:00:11] Weighted Error Value: White=0.76/Black=0.37} 0-1

[Event "1st Caplin Menchik Memorial 2022"]
[Site "London"]
[Date "2022.06.18"]
[Round "1.2"]
[White "Hunt, Harriet V"]
[Black "Hryshchenko, Kamila"]
[Result "1-0"]
[ECO "B06"]
[WhiteElo "2395"]
[BlackElo "2037"]
[Annotator "TA"]
[PlyCount "61"]
[EventDate "2022.06.21"]
[EventType "tourn"]
[EventCountry "ENG"]
[SourceTitle "playchess.com"]
[Source "ChessBase"]
[SourceQuality "1"]
[TimeControl "5400+30"]

1. e4 g6 2. d4 Bg7 3. Nf3 d6 4. Bc4 Nf6 5. Qe2 O-O 6. O-O Nc6 7. h3 {[%emt 0:09:07] [#] B06: Modern Defence.} (7. e5 $5 ) 7... h6 $146 ({Predecessor:} 7... d5 8. exd5 Nxd5 9. c3 Qd6 10. Nbd2 Bf5 11. Ne4 Bxe4 12. Qxe4 e6 13. Bg5 Nce7 14. Rfe1 {0-1 (43) Martinez Alcantara,J (2620)-Kamsky,G (2672) Chess.com INT 2020}) 8. e5 Nd7 9. e6 {[%emt 0:05:54] The position is equal.} fxe6 10. Bxe6+ (10. Qxe6+ Kh7 11. Qe4 Nb6 $11) 10... Kh7 {[%emt 0:04:01][%cal Of8f3] White must now prevent ...Rxf3!} 11. c3 Rf6 {[%emt 0:06:03] [#]} ({Better is} 11... Nb6 $14) 12. d5 {[%emt 0:09:32] 0x0.0022fba6bc1ddp-1022s more active pieces.} (12. Nbd2 $1 $16) 12... Nce5 {[%emt 0:09:18] Hoping for ...Nxf3+.} 13. Nh4 {[%emt 0:06:36] Threatens to win with f4.} c6 (13... Nf8 $11 {remains equal.}) 14. f4 $16 cxd5 15. Bxd5 e6 16. Bb3 Nc5 17. Bc2 (17. fxe5 Rxf1+ 18. Qxf1 Qxh4 $11) 17... b6 18. Na3 (18. fxe5 Rxf1+ 19. Qxf1 Qxh4 $15) (18. Rd1 $18 Ba6 19. Qe3) 18... Ba6 19. Nb5 Qe7 20. Be3 {[%emt 0:02:18] a4 is the strong threat.} (20. fxe5 Rxf1+ 21. Qxf1 Qxh4 $19) 20... Raf8 21. a4 ({Weaker is} 21. fxe5 Rxf1+ 22. Rxf1 Rxf1+ 23. Kxf1 (23. Qxf1 Qxh4 24. a4 dxe5 $11) 23... Qxh4 $14) ({White should try} 21. b4 $18 Ncd7 22. Rf2 (22. fxe5 Rxf1+ 23. Rxf1 Qxh4 $11)) 21... Bb7 $2 {[%emt 0:01:17] This move loses the game for Black.} (21... d5 $16) 22. Rf2 (22. fxe5 $6 Rxf1+ 23. Rxf1 Rxf1+ 24. Qxf1 Qxh4 25. exd6 (25. Nxd6 Be4 $18) 25... Be4 $18) 22... Nf7 23. Bd4 e5 24. Bxc5 bxc5 {[%emt 0:00:12] [#]} 25. f5 $1 g5 26. Ng6 Qd7 27. Nxf8+ Bxf8 28. c4 ({Resist} 28. Nxa7 c4 29. Qxc4 d5 $18) 28... a6 29. Nc3 {[%emt 0:00:06] White is clearly winning.} Kg7 30. Rd1 Bc6 31. Be4 {[%emt 0:01:47] Weighted Error Value: White=0.16 (very precise) /Black=0.45} 1-0

[Event "1st Caplin Menchik Memorial 2022"]
[Site "London"]
[Date "2022.06.18"]
[Round "1.3"]
[White "Vidic, Teja"]
[Black "Toma, Katarzyna"]
[Result "0-1"]
[ECO "B51"]
[WhiteElo "2168"]
[BlackElo "2304"]
[Annotator "TA"]
[PlyCount "74"]
[EventDate "2022.06.21"]
[EventType "tourn"]
[EventCountry "ENG"]
[SourceTitle "playchess.com"]
[Source "ChessBase"]
[SourceQuality "1"]
[TimeControl "5400+30"]

1. e4 c5 2. Nf3 Nc6 3. Bb5 d6 4. O-O Bd7 5. c3 a6 6. Bxc6 Bxc6 7. Re1 Nf6 8. d4 Bxe4 9. Bg5 d5 {[%emt 0:05:05] is cutting edge theory.} (9... Bg6 $11) 10. Bxf6 {[%emt 0:11:06] B51: Sicilian: Moscow Variation (3 Bb5+) without 3...Bd7.} (10. Nbd2 $5 ) 10... gxf6 11. dxc5 e6 12. b4 {[%emt 0:00:15] The position is equal.} Bg7 13. Nbd2 f5 14. Nd4 {[%emt 0:02:33] [#]} O-O $146 (14... Qg5 $11 15. f3 Bxd4+ 16. cxd4 Rg8 $1) ({Predecessor:} 14... a5 15. f3 Bd3 16. N2b3 Bc4 17. Nxa5 Rxa5 18. bxa5 O-O 19. Qa4 Qc7 20. c6 bxc6 {1-0 (35) Mirimanian,H (2268)-Bykhovsky,A (2496) Chess.com INT 2020}) 15. f3 (15. Qe2 $14) 15... Bd3 $11 16. Re3 (16. N2b3 $5 Bc4 17. Qd2 $15) 16... Bc4 {[%emt 0:01:29] This bishop pair is nice.} 17. f4 b6 (17... a5 $11 18. a3 (18. Nxc4 dxc4 19. a3 axb4 $11) 18... Qb8) 18. cxb6 (18. Nc6 $16 Qe8 19. Nxc4 dxc4 20. Qd6 bxc5 21. Qxc5) 18... Qxb6 19. Rg3 ({Much weaker is} 19. Nxc4 dxc4 20. Qd2 Rfd8 $17) (19. N2f3 $11) 19... Qc7 ({Black should play} 19... Kh8 $1 $17 20. Kh1 Bxd4 21. Nxc4 dxc4 22. cxd4 Rfd8) 20. Qh5 {[%emt 0:09:23] Black must now prevent Qh6.} Qxf4 21. Nxc4 dxc4 22. Rf1 Qe5 23. Qg5 (23. Nc6 $11 Qf6 24. Rf4) 23... h6 $1 $17 24. Qh5 (24. Qxh6 $2 Qxg3 $3 25. Qc1 Qd3 $19) 24... Rac8 {[%emt 0:03:30] Inhibits Nc6.} 25. Rff3 {[%emt 0:00:25] [#]} ({But not} 25. Qxh6 $2 Qxg3 $3 26. Qc1 Bxd4+ 27. cxd4 Qg7 $19) (25. Qf3 $17 {was called for.}) 25... Kh7 $1 $19 26. h4 $2 (26. Rf1) 26... Rc7 (26... Qe1+ $142 27. Kh2 Be5) 27. Kh2 Rd8 {[%emt 0:02:39] Strongly threatening ...Rxd4.} 28. Re3 Qf6 29. Ref3 $2 (29. Re1) 29... Rxd4 30. cxd4 Qxd4 {[%emt 0:00:04] Hoping for ...Be5.} 31. Kh3 c3 32. Rd3 Qg1 (32... Qxb4 $142 33. Rxg7+ Kxg7) 33. Rxg7+ Kxg7 34. Qe2 Kf6 (34... Qh1+ $142 35. Kg3 Rc4 36. Qe5+ Kh7) 35. Qc2 Qh1+ (35... Rc4 $142 36. Qd1 {[#]} Rxh4+ $3 37. Kg3 Rg4+ 38. Qxg4 Qe1+ 39. Kh3 fxg4+ 40. Kxg4 Qe4+ 41. Kh3 Qxd3+ 42. Kh2 c2 43. g4 c1=Q 44. g5+ hxg5 45. Kg2 Qe2+ 46. Kh3 Qce3#) 36. Kg3 Qe1+ (36... Rc4 $142 37. Kf2 Qxh4+ 38. Kf1 Qh2) 37. Kh3 Rc4 {[%emt 0:00:10][%csl LRb4,LRh4] Weighted Error Value: White=1.60/Black=1.08} 0-1

[Event "1st Caplin Menchik Memorial 2022"]
[Site "London"]
[Date "2022.06.18"]
[Round "1.4"]
[White "Koubova, Anna Marie"]
[Black "Arakhamia-Grant, Ketevan"]
[Result "0-1"]
[ECO "A58"]
[WhiteElo "2115"]
[BlackElo "2354"]
[Annotator "TA"]
[PlyCount "56"]
[EventDate "2022.06.21"]
[EventType "tourn"]
[EventCountry "ENG"]
[SourceTitle "playchess.com"]
[Source "ChessBase"]
[SourceQuality "1"]
[TimeControl "5400+30"]

1. d4 Nf6 2. c4 c5 3. d5 b5 4. cxb5 a6 5. bxa6 g6 6. Nc3 {[%emt 0:00:47] A58: Benko/Volga Gambit: Lines with 5 bxa6.} Bg7 7. e4 O-O 8. Nf3 {[%emt 0:04:26] White is slightly better.} Qa5 9. Nd2 Bxa6 10. Bxa6 Qxa6 {[%emt 0:02:34] [#]} 11. Qb3 $146 ({Predecessor:} 11. a4 e6 12. Nb5 exd5 13. Nc7 Qa7 14. Nxa8 dxe4 15. a5 Qxa8 16. Nc4 d5 17. Nb6 {½-½ (36) Nikolov,M (2559)-Ivanisevic,I (2665) Skopje 2016}) 11... e6 12. Nc4 {[%emt 0:31:15] [#]} (12. Nb5 $11) 12... Nxe4 $1 $17 {[%emt 0:05:12][%mdl 64] Remove Defender, Decoy} 13. Nxe4 (13. O-O $15 {should be considered.}) 13... exd5 14. Nb6 c4 (14... Re8 $6 15. Nxa8 Rxe4+ 16. Be3 Qxa8 17. O-O $11) 15. Qb4 Nc6 $19 16. Qc5 Rae8 {[%emt 0:05:43][%mdl 64] [#] Pin} ({Worse is} 16... dxe4 17. Nxa8 Rxa8 18. O-O $15) 17. O-O Rxe4 18. Nxd7 $2 (18. Nxd5 Bd4 19. Qd6) 18... Rd8 {[%emt 0:05:19] Black is clearly winning.} 19. Nb6 ({Much weaker is} 19. Qxd5 Re7 20. Nc5 Rxd5 $19) 19... Qb7 ({Don't go for} 19... Bd4 $2 20. Qxc6 Bxb6 21. Qf6 $19) 20. Na4 Bd4 21. Qa3 Qa7 {[%emt 0:15:12] Inhibits Nc5. Strongly threatening ...Ra8.} 22. Rb1 Ne5 23. b3 (23. Be3 $142 Bxe3 24. fxe3) 23... Nd3 24. bxc4 dxc4 25. Bg5 Ra8 {[%emt 0:01:01] aiming for ...Rae8.} 26. Rb5 Nxf2 {[%emt 0:01:46] Threatens to win with ...c3.} 27. Qf3 {[%emt 0:00:36] Prevents c3.} Qxa4 28. Rb7 Nh3+ {[%emt 0:02:07] Black took control after the opening.  Weighted Error Value: White=1.22/Black=0.26 (precise)} 0-1

[Event "1st Caplin Menchik Memorial 2022"]
[Site "London"]
[Date "2022.06.18"]
[Round "1.5"]
[White "Dworakowska, Joanna"]
[Black "Schulze, Lara"]
[Result "1-0"]
[ECO "B67"]
[WhiteElo "2321"]
[BlackElo "2303"]
[Annotator "TA"]
[PlyCount "61"]
[EventDate "2022.06.21"]
[EventType "tourn"]
[EventCountry "ENG"]
[SourceTitle "playchess.com"]
[Source "ChessBase"]
[SourceQuality "1"]
[TimeControl "5400+30"]

1. e4 c5 2. Nf3 Nc6 3. d4 cxd4 4. Nxd4 Nf6 5. Nc3 d6 6. Bg5 e6 7. Qd2 a6 8. O-O-O Bd7 9. f3 Nxd4 10. Qxd4 Be7 11. h4 Qc7 {[%emt 0:01:58] B67: Sicilian: Richter-Rauzer: 7...a6 8 0-0-0 Bd7, lines without 9 f4 Be7.} 12. h5 {[%emt 0:07:44] Hoping for h6.} h6 13. Bh4 b5 {[%emt 0:10:10] The position is equal.} 14. Kb1 Rc8 {[%emt 0:04:13] [#]} 15. Qd2 $146 ({Predecessor:} 15. g4 d5 16. exd5 Nxd5 17. Bxe7 Nxc3+ 18. bxc3 Kxe7 19. Qb4+ Qc5 20. Bd3 Rc7 21. Be4 {½-½ (109) Omariev,M (2304)-Rogule,L (2286) Chess.com INT 2020}) 15... Bc6 16. Bd3 Bb7 17. Ne2 d5 (17... Nd7 $11) 18. e5 $1 $16 Ne4 {[%emt 0:02:14] [#]} 19. Qe1 ({Don't play} 19. fxe4 $6 dxe4 20. Bxb5+ (20. Bxe7 exd3 21. Qxd3 Qxe7 $17) 20... axb5 $11) 19... Nc5 20. Nd4 Nxd3 (20... Bxh4 $14 21. Rxh4 O-O) 21. Rxd3 ({White should try} 21. cxd3 $16 O-O 22. Bxe7 Qxe7 23. Qe3) 21... Bc5 $14 22. c3 O-O 23. f4 {[%emt 0:00:37] Black must now prevent Rg3.} a5 $2 {[%emt 0:03:11][%mdl 8192] [#] A mistake that costs the game.} (23... Bxd4 $14 24. Rxd4 a5) 24. Rg3 $1 $18 Kh7 {[%emt 0:01:31] [#]} 25. Rxg7+ {[%emt 0:00:16][%mdl 512] White mates.} Kxg7 (25... Kh8 26. Bf6) 26. Qg3+ Kh7 27. Bf6 Rg8 28. Qd3+ Rg6 29. hxg6+ fxg6 {[%emt 0:00:07] [#]} 30. Rxh6+ $3 Kxh6 (30... Kg8 31. Qxg6+) 31. Qh3# {[%emt 0:00:40] Weighted Error Value: White=0.07 (flawless) /Black=0.80} 1-0

[Event "1st Caplin Menchik Memorial 2022"]
[Site "London"]
[Date "2022.06.19"]
[Round "2.1"]
[White "Yao, Lan"]
[Black "Schulze, Lara"]
[Result "1/2-1/2"]
[ECO "C58"]
[WhiteElo "2276"]
[BlackElo "2303"]
[Annotator "TA"]
[PlyCount "88"]
[EventDate "2022.06.21"]
[EventType "tourn"]
[EventCountry "ENG"]
[SourceTitle "playchess.com"]
[Source "ChessBase"]
[SourceQuality "1"]
[TimeControl "5400+30"]

1. e4 e5 2. Nf3 Nc6 3. Bc4 Nf6 4. Ng5 d5 5. exd5 Na5 6. Bb5+ c6 7. dxc6 bxc6 8. Qf3 Be7 {[%emt 0:00:28] C58: Two Knights: 4 Ng5 d5 5 exd5 Na5 sidelines.} 9. Bd3 $1 {[%emt 0:00:06][%mdl 4] outshines the older 9.Bxc6+.} h6 (9... O-O {is more complex.} 10. Nc3 Rb8 11. b3 Rb4) 10. Ne4 Nd5 {[%emt 0:00:54][%cal Bf6d5,Bd5b4,Bb4d3][%mdl 32] White is slightly better.} 11. Ng3 O-O {[%emt 0:03:07] [#] was the old line (11...g6).} 12. O-O (12. Bf5 $1 $16) 12... Nb4 $11 13. Re1 Nxd3 14. cxd3 Rb8 {[%emt 0:06:06] [#]} 15. b3 $146 ({Predecessor:} 15. Nc3 f5 16. Rxe5 Bd6 17. Re1 Rb4 18. d4 Rxd4 19. d3 Qh4 20. h3 c5 21. Nb5 {1-0 (53) Pasiev,R (2323)-Provotorov,I (2386) Voronezh 2012}) 15... c5 16. Bb2 f6 17. Nc3 c4 (17... Rf7 $14) 18. Qd5+ $16 ({Much less strong is} 18. dxc4 Nxc4 19. bxc4 Rxb2 $14) 18... Qxd5 19. Nxd5 Bd8 20. dxc4 (20. Ba3 $16 cxb3 21. Bd6 (21. Bxf8 b2 $11)) 20... Nxc4 $14 21. Bc3 Nb6 22. Ne3 {[%emt 0:01:38] White is much more active. The black rooks are badly placed.} Bb7 (22... Bc7 $14) 23. Bb4 (23. Ngf5 $16) 23... Rf7 $11 24. Ngf5 Rd7 25. Rac1 Kh7 26. Nd6 Be7 27. Nef5 ({White should try} 27. Nxb7 $11 Bxb4 28. Nc5 Bxc5 29. Rxc5) 27... Bf8 {[%emt 0:01:11] A strong pair of Bishops.} (27... Nd5 $5 28. Ba3 Bf8 $15) 28. Bc5 (28. Nxb7 $5 Bxb4 29. Nc5 Bxc5 30. Rxc5 $11) 28... g6 (28... Ba8 $5 ) 29. Nxb7 {[%emt 0:00:25] [#] Nfd6 is the strong threat.} gxf5 30. Bxf8 Rxf8 31. Na5 Rxd2 32. Rc7+ Kg6 33. a4 Rf7 34. Rc3 (34. Rxf7 $11 Kxf7 35. g3) 34... f4 35. g3 Nd5 36. Rc6 Nb4 37. Nc4 Nxc6 38. Nxd2 fxg3 (38... Rd7 $5 39. Nc4 Nd4 $15) 39. hxg3 $15 {[%emt 0:00:11][%mdl 4096] Endgame KRN-KRN. The position is equal.} Rb7 40. Rc1 Nd4 {[%emt 0:00:10] White must now prevent ...Ne2+.} 41. Kg2 Nxb3 42. Nxb3 Rxb3 43. Rc7 $1 Ra3 44. Rxa7 e4 {[%emt 0:00:50] Weighted Error Value: White=0.17 (very precise) /Black=0.13 (very precise)} 1/2-1/2

[Event "1st Caplin Menchik Memorial 2022"]
[Site "London"]
[Date "2022.06.19"]
[Round "2.2"]
[White "Arakhamia-Grant, Ketevan"]
[Black "Dworakowska, Joanna"]
[Result "0-1"]
[ECO "B20"]
[WhiteElo "2354"]
[BlackElo "2321"]
[Annotator "TA"]
[PlyCount "92"]
[EventDate "2022.06.21"]
[EventType "tourn"]
[EventCountry "ENG"]
[SourceTitle "playchess.com"]
[Source "ChessBase"]
[SourceQuality "1"]
[TimeControl "5400+30"]

1. e4 c5 2. d3 Nc6 3. g3 d5 4. Nd2 Nf6 5. Bg2 b6 6. Ne2 {[%emt 0:03:43] B20: Sicilian: Unusual White 2nd moves.} e6 7. O-O Be7 8. h3 {[%emt 0:01:18] The position is equal.} O-O 9. f4 dxe4 10. dxe4 {[%emt 0:02:06] [#]} Ba6 $146 ({Predecessor:} 10... Bb7 11. g4 Qc7 12. Ng3 Rad8 13. g5 Ne8 14. h4 f6 15. Qg4 Nd4 16. Rb1 Nxc2 {½-½ (40) Darwisch,K (2078)-Mazarov,J (2075) Germany 2017}) 11. c4 {[%emt 0:13:48] Hoping for e5.} Qc7 12. e5 {[%emt 0:10:33] Threatens to win with Qa4.} Nd7 13. Qa4 Bb7 14. Ne4 Rad8 15. Be3 {[%emt 0:00:38] [#] White is now going downhill.} (15. Bd2 $15) 15... Ncxe5 $1 $17 16. fxe5 (16. Rad1 f5) 16... Bxe4 17. Bxe4 {[%emt 0:00:13] Strongly threatening Qc2.} Qxe5 18. Qc2 f5 19. Bf4 Qxe4 20. Qxe4 fxe4 21. Nc3 (21. Rad1 $142) 21... g5 $19 22. Be3 Rf3 23. Bf2 (23. Rxf3 $142 exf3 24. Rd1) 23... e3 24. Be1 Ne5 25. b3 (25. Rxf3 {was necessary.} Nxf3+ 26. Kg2) 25... Rdf8 26. Rxf3 Nxf3+ 27. Kf1 Bf6 28. Rc1 Be5 29. Ke2 Nxe1 30. Kxe1 Bxc3+ 31. Rxc3 {[%emt 0:00:05][%mdl 4096] Endgame KR-KR} Rf3 32. h4 g4 33. Rd3 Rxg3 34. Rd7 Rf3 {[%emt 0:04:18] aiming for ...g3.} 35. Ke2 Rf7 36. Rd8+ Kg7 37. Kxe3 g3 {[%emt 0:00:42] ( -> ...g2)} 38. Rd2 Kh6 39. Rg2 Rg7 {[%emt 0:00:08] And now ...Kh5 would win.} 40. Kf4 Kh5 41. Rxg3 e5+ {[%emt 0:00:21][%cal Be6e5,Be5e4][%mdl 32] Black mates.} 42. Kf3 e4+ 43. Kf4 Rxg3 44. Kxg3 e3 45. Kf3 Kxh4 46. Kxe3 Kg3 {[%emt 0:00:04] Weighted Error Value: White=0.41/Black=0.05 (flawless)} 0-1

[Event "1st Caplin Menchik Memorial 2022"]
[Site "London"]
[Date "2022.06.19"]
[Round "2.3"]
[White "Toma, Katarzyna"]
[Black "Koubova, Anna Marie"]
[Result "1-0"]
[ECO "A08"]
[WhiteElo "2304"]
[BlackElo "2115"]
[Annotator "TA"]
[PlyCount "83"]
[EventDate "2022.06.21"]
[EventType "tourn"]
[EventCountry "ENG"]
[SourceTitle "playchess.com"]
[Source "ChessBase"]
[SourceQuality "1"]
[TimeControl "5400+30"]

1. e4 e6 2. d3 d5 3. Nd2 c5 4. g3 Bd6 5. Bg2 Ne7 6. Ngf3 Nbc6 7. O-O O-O 8. Re1 Qc7 9. Qe2 f6 10. c3 Bd7 11. a3 d4 {[%emt 0:04:53] A08: King's Indian Attack.} 12. a4 ({Better is} 12. Nc4 $11) 12... e5 $15 13. Nc4 b6 {[%emt 0:09:51] [#]} ({Black should try} 13... Bg4 $15) 14. Nfd2 $146 (14. cxd4 $11 Nxd4 15. Nxd4 cxd4 16. Bd2) ({Predecessor:} 14. Bd2 a6 15. a5 Nxa5 16. Nxa5 bxa5 17. cxd4 cxd4 18. Bxa5 Qb7 19. Nd2 Bb4 20. Bxb4 Qxb4 {0-1 (58) Kalisky,V (2224)-Kubik,M (2203) Frydek Mistek 2014}) 14... a6 (14... Be6 $17) 15. Nxd6 Qxd6 16. f4 b5 ({Don't play} 16... exf4 17. Nc4 Qb8 18. Bxf4 $14) (16... Na5 $15) 17. f5 Na5 18. axb5 axb5 19. h4 Nec6 20. Kh2 Nb7 21. Rxa8 Rxa8 22. g4 dxc3 23. bxc3 Ra2 24. Qd1 {[%emt 0:03:29] Prevents Rc2.} Nba5 {[%emt 0:01:41] Against Qb3+} 25. Nb3 Be8 26. Be3 {[%emt 0:03:09] Hoping for Qb1.} c4 27. Nc1 (27. Nxa5 $15 Nxa5 28. dxc4 Nxc4 29. Qxd6 Nxd6 30. Kg1) 27... Rb2 (27... Ra3 $1 $17 {Threatens to win with ...b4.} 28. Qd2 cxd3 29. Nxd3 Nc4) 28. Kg3 (28. Re2 $11 Rxe2 29. Qxe2) 28... Nb3 {[%emt 0:03:41] Pair of Knights!} (28... Qa3 $17 29. Re2 Qxc3 30. Rxb2 Qxb2 31. dxc4 Qc3) 29. dxc4 $11 Qxd1 30. Rxd1 bxc4 {[%emt 0:00:31] ...Rc2 is the strong threat.} 31. Bf1 {[%emt 0:00:22] aiming for Nxb3.} Nca5 {[%emt 0:01:47] [#]} (31... Nba5 $1 $11 {keeps the balance.}) 32. Nxb3 $1 $16 Rxb3 {[%emt 0:01:13] [#]} 33. Bd2 ({Don't do} 33. Rd8 Rxc3 34. Kf2 (34. Rxe8+ Kf7 $11) 34... Rc2+ 35. Rd2 Rc3 $11) ({White should play} 33. Rc1 $1 $16) 33... Bb5 $2 (33... Ra3 $1 $11 {and Black has nothing to worry.}) 34. Ra1 $18 Nc6 35. Kf2 (35. Ra8+ $18 Kf7 36. g5) 35... h6 $16 36. Be2 Kh7 $2 {[%emt 0:00:24][%mdl 8192] Black cannot hold the game after this.} (36... Kf7 $16 37. g5 hxg5) 37. g5 $18 hxg5 38. hxg5 {[%emt 0:00:27] g6+ would kill now.} fxg5 39. Bh5 {[%emt 0:00:15] Threatening mate with Bg6+.} Ne7 {[%emt 0:00:47] Prevents Bg6+.} 40. Bxg5 Nc8 (40... Rb2+ $18 41. Kg3 Bc6 42. Bxe7 Kg8) 41. Bf7 g6 42. f6 {[%emt 0:00:31] Weighted Error Value: White=0.32/Black=0.64} 1-0

[Event "1st Caplin Menchik Memorial 2022"]
[Site "London"]
[Date "2022.06.19"]
[Round "2.4"]
[White "Hryshchenko, Kamila"]
[Black "Vidic, Teja"]
[Result "1-0"]
[ECO "C68"]
[WhiteElo "2037"]
[BlackElo "2168"]
[Annotator "TA"]
[PlyCount "89"]
[EventDate "2022.06.21"]
[EventType "tourn"]
[EventCountry "ENG"]
[SourceTitle "playchess.com"]
[Source "ChessBase"]
[SourceQuality "1"]
[TimeControl "5400+30"]

1. e4 e5 2. Nf3 Nc6 3. Bb5 a6 4. Bxc6 dxc6 5. O-O Bg4 6. d3 Qf6 7. Nbd2 Ne7 8. h3 h5 9. Qe1 {[%emt 0:06:13] [#] C68: Ruy Lopez: Exchange Variation, sidelines.} Ng6 $1 10. d4 {[%emt 0:05:30] [#]} (10. hxg4 $2 hxg4 11. a3 (11. Nh2 $2 Qh4 $19) 11... Nf4 $19) (10. Qe3 Be6) 10... Nf4 $146 ({Predecessor:} 10... O-O-O 11. Nxe5 Nxe5 12. dxe5 Qxe5 13. Nb3 Bd7 14. f4 Qe8 15. Qe2 c5 16. Rd1 f6 {0-1 (50) Rimkus,B (2129)-Braziulis,V (2371) ICCF email 2014}) 11. dxe5 $11 {[%emt 0:19:10] The position is equal.} (11. hxg4 hxg4 12. g3 gxf3 13. Nxf3 Qe6 $1 14. Bxf4 Qh3 $19) 11... Qg6 {[%emt 0:00:08] ( -> ...Bxf3)} 12. Nh4 (12. hxg4 $2 hxg4 13. g3 gxf3 14. Nxf3 Qg4 $19) 12... Qg5 13. Ndf3 Bxf3 {[%emt 0:00:11][%mdl 64] Pin} 14. Bxf4 Qxh4 15. Qe3 Bxg2 16. Kxg2 Bc5 17. Qf3 O-O-O 18. Rad1 Rdg8 19. Rd3 Qe7 20. Rfd1 g5 21. Bg3 h4 22. Qf5+ Qe6 23. Bh2 {[%emt 0:00:33] Hoping for Rd7.} g4 {[%emt 0:00:24] [#]} ({Black should try} 23... Rf8 $14) 24. Rd7 $1 $16 gxh3+ (24... Kb8 $142) 25. Kxh3 Rh5 (25... Rd8 $16 26. Rxd8+ Rxd8 27. Qxe6+ fxe6 28. Rxd8+ Kxd8) 26. Qxe6 $18 {[%emt 0:00:31] Chess con chili.} fxe6 27. Rf7 (27. f4 $18 {and White stays clearly on top.}) 27... Rd8 (27... Rhg5 $16) 28. Rxd8+ Kxd8 {[%emt 0:00:06][%mdl 4096] Endgame KRB-KRB} 29. c3 Be7 30. f4 Ke8 31. Rg7 Kf8 32. Rg1 Kf7 33. Rd1 {[%emt 0:00:29] Black must now prevent Rd7.} Ke8 {[%emt 0:00:14] Against Rd7} 34. Rf1 {[%emt 0:00:41] White is more active.} Bc5 35. f5 Kf7 36. Rf4 exf5 (36... Be7 $16 {was called for.} 37. f6 Bc5) 37. exf5 (37. Rxf5+ Kg6 $16) 37... Be3 (37... Rg5 {was necessary.} 38. b4 (38. Kxh4 Rg2 $16) (38. Rxh4 Rxf5 39. Rh7+ Ke8 $14) 38... Bf8) 38. Rf3 Bb6 (38... Bc5 39. Kg4 Rh8) 39. Kg4 Rh8 40. Bf4 a5 41. Bg5 {[%emt 0:00:15] aiming for e6+.} a4 42. e6+ {[%emt 0:00:20] White mates.} Kg7 43. f6+ Kg6 44. f7 Bc5 45. e7 {[%emt 0:00:09] Weighted Error Value: White=0.08 (flawless) /Black=0.42} (45. Rf6+ $142 Kg7 46. Rf5 a3 47. bxa3 Rf8 48. Rxc5 Rxf7 49. exf7 Kxf7 50. Re5) 1-0